 Dungeon Crawl Stone Soup version 0.28.0-47-ge53b351184 (webtiles) character file.

Game seed: 7693457304290403250

83 Cak3Hol3 the Stinger (level 4, 0/27 HPs)
             Began as an Octopode Venom Mage on May 1, 2022.
             Was a Believer of Sif Muna.
             Slain by a gnoll
             ... wielding a +0 spear
              (4 damage)
             ... on level 2 of the Dungeon.
             The game lasted 00:21:32 (2984 turns).

Cak3Hol3 the Stinger (Octopode Venom Mage)          Turns: 2984, Time: 00:21:32

Health: 0/27       AC:  1    Str:  7    XL:     4   Next: 44%
Magic:  3/7        EV: 13    Int: 19    God:    Sif Muna [**....]
Gold:   71         SH:  0    Dex: 12    Spells: 4/7 levels left

rFire   . . .      SeeInvis .   l - +0 dagger (venom)
rCold   . . .      Faith    .   (no shield)
rNeg    . . .      Spirit   .   (helmet restricted)
rPois   .          Reflect  .   (no amulet)
rElec   .          Harm     .   (no ring)
rCorr   .          Rampage  .   (no ring)
Will    .....                   (no ring)
Stlth   +++.......              (no ring)
HPRegen 0.09/turn               (no ring)
MPRegen 0.10/turn               (no ring)
                                (no ring)
                                (no ring)

@: no status effects
A: almost no armour, amphibious, 8 rings, camouflage 1, gelatinous body 1,
(nimble swimmer 1), tentacles
a: Renounce Religion, Channel Magic


You were on level 2 of the Dungeon.
You worshipped Sif Muna.
Sif Muna was pleased with you.
You visited 1 branch of the dungeon, and saw 2 of its levels.

You collected 71 gold pieces.

Inventory:

Hand Weapons
 b - a +0 dagger
 c - a +1 short sword of freezing
 h - a +0 short sword
 l - a +0 dagger of venom (weapon)
Missiles
 f - 6 poisoned darts
 g - 32 arrows
Armour
 m - a +0 scale mail
 n - a scarf of repulsion
Magical Staves
 o - a staff of fire
Scrolls
 a - a scroll of summoning {unknown}
 d - a scroll of teleportation {unknown}
 e - 2 scrolls of immolation {unknown}
 j - a scroll of blinking {unknown}
 k - a scroll of magic mapping {unknown}
Potions
 i - 2 potions of magic {unknown}
 p - a potion of mutation {unknown}


   Skills:
 + Level 0.9 Fighting
 + Level 0.9 Short Blades
 + Level 2.4 Dodging
 + Level 4.2 Stealth
 + Level 0.2 Unarmed Combat
 + Level 2.4 Spellcasting
 + Level 1.0 Transmutations
 + Level 4.2 Poison Magic


You had 4 spell levels left.
You knew the following spells:

 Your Spells              Type           Power      Damage    Failure   Level
a - Sting                 Tmut/Pois      48%        1d5       5%          1
b - Poisonous Vapours     Pois/Air       20%        N/A       11%         2

Your spell library contained the following spells:

 Spells                   Type           Power      Damage    Failure   Level
 Freeze                   Ice            8%         1d3       16%         1
 Mephitic Cloud           Conj/Pois/Air  7%         N/A       26%         3
 Olgreb's Toxic Radiance  Pois           18%        N/A       28%         4
 Frozen Ramparts          Ice            4%         1d2       43%         3
 Hailstorm                Conj/Ice       2%         3d3       85%         4


Dungeon Overview and Level Annotations

Branches:
Dungeon (2/15)

Altars:
Sif Muna


Innate Abilities, Weirdness & Mutations

You cannot wear most types of armour.
You are amphibious.
You can wear up to eight rings at the same time.
Your skin changes colour to match your surroundings (Stealth+).
Your rubbery body absorbs attacks. (AC +1, EV +1)
((You are camouflaged when in or above water. (Stealth+)))
You have tentacles for arms and can constrict up to eight enemies at once.


Message History

Aim: a gnoll, wielding a +0 spear (moderately wounded, poisoned, 75% to hit)
The sting hits the gnoll.
The gnoll looks even sicker.
The gnoll is heavily wounded.
The gnoll closely misses you.
Aiming: Sting (safe; 5% risk of failure)
Press: ? - help, Q - select action, (/) - cycle Shift-Dir - straight line, f/p - gnoll
Aim: a gnoll, wielding a +0 spear (almost dead, very poisoned, 75% to hit)
The sting misses the gnoll.
The gnoll hits you from afar with a +0 spear.
You kill the gnoll!
Sif Muna accepts your kill.
Aiming: Sting (safe; 5% risk of failure)
Press: ? - help, Q - select action, (/) - cycle Shift-Dir - straight line, f - gnoll
Aim: a gnoll, wielding a +0 spear (75% to hit)
The sting hits the gnoll but does no damage.
The gnoll is poisoned.
Aiming: Sting (safe; 5% risk of failure)
Press: ? - help, Q - select action, (/) - cycle Shift-Dir - straight line, f/p - gnoll
Aim: a gnoll, wielding a +0 spear (poisoned, 75% to hit)
The sting hits the gnoll but does no damage.
The gnoll looks even sicker.
The gnoll closely misses you.
You don't have enough magic to cast this spell.
The gnoll closely misses you.
You hit the gnoll. You grab the gnoll.
The gnoll is moderately wounded.
You constrict the gnoll, but do no damage.
The gnoll hits you from afar with a +0 spear.
The gnoll hits you with a +0 spear.
The gnoll hits you from afar with a +0 spear!
You release your grip on the gnoll.
The gnoll hits you from afar with a +0 spear!
* * * LOW HITPOINT WARNING * * *
Your +0 dagger of venom begins to drip with poison!
l - a +0 dagger of venom (weapon)
The gnoll misses you.
The gnoll looks more healthy.
There is a stone staircase leading down here.
The gnoll hits you from afar with a +0 spear.
You die...

.........#
##.#...........#
#... ##########
#.....#########
#...
##....######
#..........
#...######
##..#### ######
#.....# .....#
#.....+ ####.#
#.@...# #.# #.#
#.....# #g# #.#
#.g...# #.# #.#
#.g...# #.# #.#
#.....# #.# #.#
#.....# #.# #.#
##.#### #.# #.#
#.# #.# #.# #.#
#)#


You could see 2 gnolls.

Vanquished Creatures
  3 gnolls
  An adder (D:2)
  A dart slug (D:1)
  3 endoplasms
  A giant cockroach (D:2)
  3 goblins
  5 hobgoblins
  2 quokkas
  5 ball pythons
  3 bats
  2 frilled lizards
  2 kobolds
  13 rats
  A spectral hobgoblin (D:1)
45 creatures vanquished.

Notes
Turn   | Place    | Note
-------+----------+-------------------------------------------
     0 | D:1      | Cak3Hol3 the Octopode Venom Mage began the quest for the
                  | Orb.
     0 | D:1      | Reached XP level 1. HP: 11/11 MP: 3/3
   466 | D:1      | Found a faded altar of an unknown god.
   478 | D:1      | Reached XP level 2. HP: 12/17 MP: 5/5
   512 | D:1      | Prayed at the altar of an unknown god.
   512 | D:1      | Became a worshipper of Sif Muna the Loreminder
   512 | D:1      | Reached * piety under Sif Muna
  1462 | D:1      | Reached XP level 3. HP: 18/21 MP: 6/6
  1993 | D:1      | Learned a level 2 spell: Poisonous Vapours
  2123 | D:2      | Reached ** piety under Sif Muna
  2313 | D:2      | Reached XP level 4. HP: 10/27 MP: 7/7
  2957 | D:2      | HP: 1/27 [gnoll/+0 spear (9)]
  2984 | D:2      | Slain by a gnoll

Illustrated notes

Levels and vault maps discovered:
D:1:      minmay_arrival_cross, layout_basic,
          dreamdust_ecumenical_altar_drowned_temple, minmay_rat_gold_closets
D:2:      layout_basic

Skill      XL: |  1  2  3  4 |
---------------+-------------+-----
Poison Magic   | 4 |  4.2
Stealth        | 3 4 |  4.2
Fighting       | |  0.9
Short Blades   | |  0.9
Dodging        | |  2.4
Unarmed Combat | |  0.2
Spellcasting   | |  2.4
Transmutations | |  1.0

Action                   |  1- 3 |  4- 6 || total
-------------------------+-------+-------++-------
Melee: Unarmed           |    17 |       ||    17
       Tentacles         |    16 |       ||    16
       Constrict         |    16 |     1 ||    17
       Dagger            |    18 |       ||    18
       Short sword       |    47 |     2 ||    49
       Staff             |       |     1 ||     1
 Cast: Sting             |       |     9 ||     9
  Use: Potion            |     1 |       ||     1
 Stab: Sleeping          |    17 |     1 ||    18
Armor: Skin              |     6 |       ||     6
Dodge: Dodged            |    37 |     4 ||    41
